 Dungeon Crawl Stone Soup version 0.21.0-8-gf18e19db4a (webtiles) character file.

32361 topfpflanze the Destroyer (level 13, -5/89 HPs)
             Began as an Octopode Fire Elementalist on Jan 17, 2018.
             Was a High Priest of Vehumet.
             Slain by a sun demon (19 damage)
             ... on level 2 of the Orcish Mines.
             The game lasted 00:49:47 (23147 turns).

topfpflanze the Destroyer (OpFE)                   Turns: 23147, Time: 00:49:49

Health: -5/89      AC:  5    Str:  8    XL:     13   Next: 64%
Magic:  7/27       EV: 18    Int: 29    God:    Vehumet [*****.]
Gold:   949        SH:  0    Dex: 13    Spells: 0/33 levels left

rFire    . . .     SeeInvis .   z - +1 morningstar "Aubergine" {elec, rElec rC- Int+8}
rCold    x . .     Gourm    .   (no shield)
rNeg     + . .     Faith    .   (helmet restricted)
rPois    +         Spirit   .   s - amulet "Panaghudd" {RegenMP rElec}
rElec    +         Reflect  .   c - +4 ring of protection
rCorr    .         Harm     .   e - +4 ring of slaying
MR       .....                  i - ring of stealth
Stlth    ++++......             S - ring of poison resistance
HPRegen  0.24/turn              K - ring of positive energy
MPRegen  0.45/turn              (no ring)
                                (no ring)
                                (no ring)

@: about to teleport, studying Staves
A: almost no armour, stealthy swim, amphibious, 8 rings, constrict 8, camouflage
1, gelatinous body 1
a: Renounce Religion


You were on level 2 of the Orcish Mines.
You worshipped Vehumet.
Vehumet was extremely pleased with you.
You were very hungry.

You visited 3 branches of the dungeon, and saw 16 of its levels.

You collected 1274 gold pieces.
You spent 325 gold pieces at shops.

Inventory:

Hand Weapons
 d - a +0 whip of freezing
 v - a +2 whip of freezing
 z - the +1 morningstar "Aubergine" (weapon) {elec, rElec rC- Int+8}
   (You took it off a centaur on level 7 of the Dungeon)

   Occasionally, upon striking a foe, it will discharge some electrical energy
   and cause terrible harm.
   It affects your intelligence (+8).
   It makes you vulnerable to cold.
   It insulates you from electricity.
Missiles
 G - 8 javelins (quivered)
Armour
 T - a +0 buckler
Magical Staves
 q - an uncursed staff of earth
 x - an uncursed staff of cold
 L - an uncursed staff of cold
 P - an uncursed staff of summoning
Jewellery
 c - a +4 ring of protection (left tentacle)
 e - a +4 ring of slaying (right tentacle)
 i - a ring of stealth (on tentacle)
 s - the amulet "Panaghudd" (around mantle) {RegenMP rElec}
   (You found it on level 7 of the Dungeon)

   [amulet of magic regeneration]

   It increases your magic regeneration.
   It insulates you from electricity.
 A - an uncursed ring of teleportation
 K - a ring of positive energy (on tentacle)
 S - a ring of poison resistance (on tentacle)
Wands
 f - a wand of enslavement (21)
 p - a wand of random effects (30)
 E - a wand of flame (18)
 O - a wand of iceblast (10)
 U - a wand of disintegration (12)
Scrolls
 g - 2 scrolls of enchant weapon
 h - 3 scrolls of random uselessness
 j - 3 scrolls of fear
 k - a scroll of acquirement {unknown}
 m - 2 scrolls of noise
 o - 3 scrolls of remove curse
 r - 3 scrolls of teleportation
 t - 2 scrolls of silence
 u - a scroll of enchant armour {unknown}
 B - 4 scrolls of immolation
 H - 2 scrolls of amnesia {unknown}
 M - a scroll of magic mapping {unknown}
 R - a scroll of fog {unknown}
Potions
 C - a potion of curing
 D - 3 potions of flight {unknown}
 F - 2 potions of mutation {unknown}
 J - a potion of resistance
 Q - a potion of magic
 V - a potion of might {unknown}
Books
 a - a book of Flames

   Spells                             Type                      Level
   a - Flame Tongue                   Conjuration/Fire             1
   b - Throw Flame                    Conjuration/Fire             2
   c - Conjure Flame                  Conjuration/Fire             3
   d - Inner Flame                    Hexes/Fire                   3
   e - Sticky Flame                   Conjuration/Fire             4
   f - Fireball                       Conjuration/Fire             5
 n - a book of Callings

   Spells                             Type                      Level
   a - Summon Small Mammal            Summoning                    1
   b - Call Imp                       Summoning                    2
   c - Call Canine Familiar           Summoning                    3
   d - Summon Guardian Golem          Hexes/Summoning              3
   e - Summon Lightning Spire         Summoning/Air                4
   f - Summon Ice Beast               Ice/Summoning                4
 y - a manual of Staves
 I - a book of Changes

   Spells                             Type                      Level
   a - Beastly Appendage              Transmutation                1
   b - Sticks to Snakes               Transmutation                2
   c - Spider Form                    Transmutation/Poison         3
   d - Ice Form                       Ice/Transmutation            4
   e - Blade Hands                    Transmutation                5
Miscellaneous
 l - a lightning rod (4/4)
 w - a sack of spiders
Comestibles
 b - 25 rations


   Skills:
 + Level 8.7 Fighting
 + Level 9.3 Dodging
 - Level 3.1 Stealth
 - Level 0.5 Unarmed Combat
 + Level 10.8 Spellcasting
 + Level 10.9 Conjurations
 - Level 4.9 Transmutations
 - Level 10.1 Fire Magic
 + Level 2.1 Ice Magic
 + Level 1.3 Evocations


You couldn't memorise any spells.
You knew the following spells:

 Your Spells              Type           Power        Failure   Level  Hunger
a - Flame Tongue          Conj/Fire      #####        1%          1    None
b - Throw Flame           Conj/Fire      ######       1%          2    None
c - Conjure Flame         Conj/Fire      ######..     1%          3    None
d - Sticky Flame          Conj/Fire      ######..     1%          4    None
e - Fireball              Conj/Fire      ######....   1%          5    ###....
f - Sticks to Snakes      Tmut           #####...     1%          2    None
g - Ice Form              Ice/Tmut       #####...     8%          4    None
h - Summon Ice Beast      Ice/Summ       ###.....     22%         4    None
i - Bolt of Draining      Conj/Necr      #####.....   2%          5    ###....
j - Inner Flame           Hex/Fire       #####...     1%          3    None


Dungeon Overview and Level Annotations

Branches:
Dungeon (13/15)            Temple (1/1) D:7            Lair (0/6) D:9
    Orc (2/2) D:10         Vaults (0/5) D:13
    Elf: Orc:2

Altars:
Dithmenos
Elyvilon
Fedhas
Makhleb
Nemelex Xobeh
Okawaru
Qazlal
Ru
Uskayaw
Vehumet
Wu Jian
Xom
The Shining One
Beogh

Shops:
D:10 :   D:12 %   Orc:2 !?

Portals:
Trove: D:11 (show abyssal rune of Zot)

Annotations:
Orc:2 Donald


Innate Abilities, Weirdness & Mutations

You cannot wear most types of armour.
You are very stealthy in the water. (Stealth+)
You are amphibious.
You can wear up to eight rings at the same time.
You can use your tentacles to constrict eight enemies at once.
Your skin changes colour to match your surroundings (Stealth+).
Your rubbery body absorbs attacks. (AC +1, EV +1)


Message History

The sentinel's mark upon you fades away.
The sixfirhy burns!
You kill the sixfirhy!
The sun demon hits you.
You are engulfed in flames!
An orc knight comes into view. It is wielding a long sword.
Unknown command.
As you read the scroll of teleportation, it crumbles to dust.
You feel strangely unstable. The sun demon hits you.
You are engulfed in flames!
* * * LOW HITPOINT WARNING * * *
The orc high priest prays to Beogh.
Unknown command.
You feel better.
The sun demon disappears in a puff of smoke!
The orc knight roars a battlecry!
The orcs go into a battle-frenzy!
The sun demon hits you!
* * * LOW HITPOINT WARNING * * *
You are engulfed in flames!!
You die...

#...)....# #)(## ##o[## ##))##
##).## ##).## ######
#########..## ##.#..#
##.##...###÷.## ##.....###
###.@3o4§4o###()##
##.....##.###....##oo...##.).###
...........#......##.o(@.).....#
............#....#..(..3...[...##
...........###..#.......)........
.....###............[......).....
...#####........#....).#.......#.
.....##.........###...#......####
....###.....##.## ##.##....)..# #


You could see Donald (wandering), 2 orc knights, an orc high priest, a sun
demon, a hellwing, a ynoxinul, a chaos spawn, an orc warrior and an orc priest.

Vanquished Creatures
  Kirke (D:12)
  A stone giant (Orc:2)
  An ettin (Orc:1)
  A hydra (D:12)
  A centaur warrior (D:13)
  4 two-headed ogres
  A skeletal warrior (D:13)
  Pikel (D:7)
  An orc knight (Orc:2)
  2 ugly things
  A cyclops (D:11)
  2 orc sorcerers (Orc:2)
  2 manticores
  Joseph (D:7)
  A centaur zombie (D:13)
  The ghost of Lektor the Stinger, a novice NaWz (D:5)
  A gargoyle (D:13)
  A tengu conjurer (D:13)
  A red devil (Orc:2)
  A merfolk (D:10)
  2 guardian mummies (D:11)
  Grinder (D:5)
  3 trolls
  The ghost of newuser the Stinger, an amateur BaTm (D:4)
  Prince Ribbit (D:5)
  5 hippogriffs
  A meliai zombie (D:13)
  A spriggan (D:10)
  20 yaks
  A vampire (D:11)
  A wraith (D:7)
  4 wyverns
  A chaos spawn (Orc:2)
  6 hogs (D:13)
  The ghost of topfpflanze the Archer, an amateur CeHu (D:7)
  Menkaure (D:7)
  A warg (Orc:2)
  28 orc warriors
  10 ogres
  3 sky beasts
  3 necrophages
  4 ice beasts
  2 slaves (D:7)
  5 phantoms
  4 centaurs
  2 big kobolds
  10 bullfrogs
  A wyvern zombie (D:7)
  A wyvern skeleton (D:11)
  3 scorpions
  11 wights
  11 killer bees
  7 howler monkeys
  3 bullfrog zombies
  6 crimson imps
  A quasit (D:6)
  8 hounds
  5 jellies
  35 orc wizards
  21 orc priests
  4 centaur skeletons
  Jessica (D:3)
  A bullfrog skeleton (D:6)
  5 iguanas
  8 worker ants
  A hound zombie (D:11)
  A hound skeleton (D:11)
  11 adders
  2 shadow imps
  2 oozes
  An adder zombie (D:8)
  2 adder skeletons
  5 worms
  A dart slug (D:2)
  6 leopard geckos
  75 orcs
  6 giant cockroaches
  6 goblins
  8 hobgoblins
  8 jackals
  3 quokkas
  8 bats
  8 frilled lizards
  11 kobolds
  A quokka skeleton (D:4)
  12 rats
458 creatures vanquished.

Vanquished Creatures (collateral kills)
  A troll (D:11)
  A scorpion (D:7)
2 creatures vanquished.

Vanquished Creatures (others)
  An orc warrior (Orc:2)
  A killer bee (D:7)
  A slave (D:7)
  An orc (D:10)
  A kobold (D:10)
5 creatures vanquished.

Grand Total: 465 creatures vanquished

Notes
Turn   | Place    | Note
-------+----------+-------------------------------------------
     0 | D:1      | topfpflanze the Octopode Fire Elementalist began the quest for the Orb.
     0 | D:1      | Reached XP level 1. HP: 11/11 MP: 3/3
   342 | D:1      | Reached XP level 2. HP: 14/17 MP: 5/5
   795 | D:2      | Reached XP level 3. HP: 17/21 MP: 4/6
  1339 | D:2      | Reached XP level 4. HP: 20/27 MP: 0/7
  2124 | D:3      | Found a faded altar of an unknown god.
  2158 | D:3      | Found a glowing golden altar of the Shining One.
  2164 | D:3      | Found a white marble altar of Elyvilon.
  2295 | D:3      | Reached XP level 5. HP: 31/31 MP: 0/8
  2388 | D:3      | Noticed Jessica
  2394 | D:3      | Killed Jessica
  2697 | D:4      | Learned a level 2 spell: Throw Flame
  2701 | D:4      | Learned a level 3 spell: Conjure Flame
  2778 | D:4      | Noticed newuser's ghost (amateur BaTm)
  2789 | D:4      | Killed newuser's ghost
  2789 | D:4      | Reached XP level 6. HP: 14/37 MP: 1/11
  3084 | D:4      | Found a shadowy altar of Dithmenos.
  3084 | D:4      | Noticed a phantom
  3100 | D:4      | Killed a phantom
  3100 | D:4      | Reached skill level 5 in Fire Magic
  3100 | D:4      | Reached XP level 7. HP: 35/42 MP: 0/12
  3618 | D:4      | Found a sacrificial altar of Ru.
  3678 | D:4      | Found a sparkling altar of Nemelex Xobeh.
  3787 | D:5      | Entered Level 5 of the Dungeon
  3787 | D:5      | Noticed Lektor's ghost (novice NaWz)
  4320 | D:5      | Found a burning altar of Makhleb.
  4368 | D:5      | Reached skill level 1 in Fighting
  4369 | D:5      | Noticed Prince Ribbit
  4377 | D:5      | Killed Prince Ribbit
  4466 | D:5      | Reached XP level 8. HP: 48/48 MP: 10/15
  4491 | D:5      | Reached skill level 5 in Spellcasting
  4491 | D:5      | HP: 1/48 [crimson imp (2)]
  4935 | D:5      | Noticed Grinder
  4944 | D:5      | Learned a level 4 spell: Sticky Flame
  4948 | D:5      | Found a hide-covered altar of Uskayaw.
  5039 | D:5      | Paralysed by Grinder for 7 turns
  5077 | D:5      | Killed Grinder
  5077 | D:5      | Reached skill level 5 in Conjurations
  5287 | D:6      | Noticed a two-headed ogre
  6039 | D:6      | Reached XP level 9. HP: 54/54 MP: 11/18
  7832 | D:6      | Killed a two-headed ogre
  8270 | D:6      | Found an ornate altar of the Wu Jian Council.
  8275 | D:6      | Found a snail-covered altar of Cheibriados.
  8275 | D:6      | Found a shimmering altar of Xom.
  8278 | D:6      | Found a shadowy altar of Dithmenos.
  8278 | D:6      | Found a radiant altar of Vehumet.
  8278 | D:6      | Found an iron altar of Okawaru.
  8378 | D:7      | Reached XP level 10. HP: 41/61 MP: 14/21
  8473 | D:7      | Noticed Joseph
  8493 | D:7      | Killed Joseph
  9007 | D:7      | Noticed topfpflanze's ghost (amateur CeHu)
  9013 | D:7      | Killed topfpflanze's ghost
  9120 | D:7      | Found a staircase to the Ecumenical Temple.
  9134 | Temple   | Entered the Ecumenical Temple
  9137 | Temple   | Became a worshipper of Vehumet
  9149 | D:7      | Found a stormy altar of Qazlal.
  9196 | D:7      | Noticed Pikel
  9202 | D:7      | Killed Pikel
  9380 | D:7      | Found a blossoming altar of Fedhas.
  9650 | D:7      | Got a glittering crystal amulet
  9671 | D:7      | Noticed a two-headed ogre
  9676 | D:7      | Killed a two-headed ogre
  9676 | D:7      | Reached skill level 5 in Dodging
  9821 | D:7      | Got an uncursed transparent morningstar {elec}
 10178 | D:7      | Noticed Menkaure
 10181 | D:7      | Killed Menkaure
 10285 | D:7      | Identified the amulet "Panaghudd" {RegenMP rElec} (You found it on level 7 of the Dungeon)
 10290 | D:7      | Identified the +1 morningstar "Aubergine" {elec, rElec rC- Int+8} (You took it off a centaur on level 7 of the Dungeon)
 10604 | D:8      | Reached * piety under Vehumet
 10604 | D:8      | Offered knowledge of Sting by Vehumet.
 10863 | D:8      | Reached XP level 11. HP: 70/70 MP: 20/23
 10880 | D:8      | Learned a level 5 spell: Fireball
 11051 | D:8      | Noticed a two-headed ogre
 11058 | D:8      | Killed a two-headed ogre
 11266 | D:8      | Found an iron altar of Okawaru.
 11329 | D:8      | Reached skill level 5 in Fighting
 11551 | D:9      | Found a staircase to the Lair.
 11692 | D:9      | Offered knowledge of Shock by Vehumet.
 11698 | D:9      | Reached ** piety under Vehumet
 12324 | D:9      | Found an ornate altar of the Wu Jian Council.
 12513 | D:10     | Entered Level 10 of the Dungeon
 12513 | D:10     | Found Hocweob's Book Shoppe.
 12613 | D:10     | Bought a book of Changes for 325 gold pieces
 12683 | D:10     | Offered knowledge of Stone Arrow by Vehumet.
 12685 | D:10     | Found a staircase to the Orcish Mines.
 13265 | D:10     | Reached *** piety under Vehumet
 13275 | D:10     | HP: 5/108 [merfolk/trident (10)]
 14300 | D:10     | Offered knowledge of Iskenderun's Mystic Blast by Vehumet.
 14359 | D:10     | Found a roughly hewn altar of Beogh.
 14737 | D:7      | Reached skill level 10 in Fire Magic
 14737 | D:7      | Reached XP level 12. HP: 72/79 MP: 18/25
 15055 | D:5      | Killed Lektor's ghost
 15792 | D:10     | Learned a level 2 spell: Sticks to Snakes
 15797 | D:10     | Learned a level 4 spell: Ice Form
 15802 | D:10     | Learned a level 4 spell: Summon Ice Beast
 16104 | D:11     | Reached skill level 1 in Transmutations
 16154 | D:10     | Reached **** piety under Vehumet
 16434 | D:11     | Offered knowledge of Fulminant Prism by Vehumet.
 17815 | D:11     | Found a portal to a secret trove of treasure.
 18469 | D:12     | Noticed a two-headed ogre
 18478 | D:12     | Killed a two-headed ogre
 18478 | D:12     | Reached skill level 10 in Spellcasting
 18478 | D:12     | Reached skill level 10 in Conjurations
 18686 | D:12     | Noticed a six-headed hydra
 18704 | D:12     | Killed a six-headed hydra
 19314 | D:12     | Found Daub's Food Boutique.
 19831 | D:13     | Noticed Kirke
 19850 | D:12     | Killed Kirke
 19850 | D:12     | Reached XP level 13. HP: 34/88 MP: 5/27
 20960 | D:13     | Noticed a vault guard
 20960 | D:13     | Noticed a vault guard
 20960 | D:13     | Noticed a vault guard
 20961 | D:13     | Found a gate to the Vaults.
 20961 | D:13     | Noticed a vault guard
 20961 | D:13     | Noticed a vault guard
 20962 | D:13     | Noticed a vault guard
 20964 | D:13     | Noticed a vault guard
 20964 | D:13     | Reached ***** piety under Vehumet
 20966 | D:13     | Noticed a vault guard
 21051 | Orc:1    | Entered Level 1 of the Orcish Mines
 21051 | Orc:1    | Noticed an ettin
 21063 | Orc:1    | Killed an ettin
 21150 | Orc:1    | Offered knowledge of Bolt of Draining by Vehumet.
 21208 | Orc:1    | Learned a level 5 spell: Bolt of Draining
 21350 | Orc:1    | Found a roughly hewn altar of Beogh.
 21511 | Orc:2    | Entered Level 2 of the Orcish Mines
 21650 | Orc:2    | Reached skill level 1 in Ice Magic
 21652 | Orc:2    | Noticed Donald
 21776 | Orc:2    | Noticed a stone giant
 22080 | Orc:2    | Learned a level 3 spell: Inner Flame
 22144 | Orc:2    | Killed a stone giant
 22819 | Orc:2    | Reached skill level 1 in Evocations
 22980 | Orc:2    | Found Zij Sobashre's Magic Scroll Shoppe.
 23045 | Orc:2    | Found Boxkal's Distillery.
 23147 | Orc:2    | Slain by a sun demon

Skill      XL: |  1  2  3  4  5  6  7  8  9 10 11 12 13 |
---------------+----------------------------------------+-----
Stealth        | 3 |  3.1
Fire Magic     | 4 5 6 8 9 10 | 10.1
Conjurations   | 2 3 4 5 7 8 9 10 | 10.9
Spellcasting   | 3 4 6 7 8 9 10 | 10.8
Fighting       | 1 2 4 6 7 8 |  8.7
Dodging        | 3 4 5 7 8 9 |  9.3
Transmutations | 4 |  4.9
Ice Magic      | 2 |  2.1
Evocations     | 1 |  1.3
Unarmed Combat | |  0.5

Action                   |  1- 3 |  4- 6 |  7- 9 | 10-12 | 13-15 || total
-------------------------+-------+-------+-------+-------+-------++-------
Melee: Unarmed           |    38 |    25 |    12 |    13 |       ||    88
       Constrict         |    12 |     5 |     1 |     6 |     3 ||    27
       Tentacles         |     8 |     3 |     3 |     8 |     2 ||    24
       Morningstar       |       |       |       |    40 |     7 ||    47
 Cast: Flame Tongue      |    48 |    87 |   199 |   607 |   197 ||  1138
       Throw Flame       |       |       |    18 |   123 |    73 ||   214
       Conjure Flame     |       |       |    14 |    21 |    10 ||    45
       Sticky Flame      |       |       |     1 |    46 |    24 ||    71
       Fireball          |       |       |       |    14 |    25 ||    39
Evoke: Wand              |       |       |       |     1 |     1 ||     2
       Sack of spiders   |       |       |       |     1 |       ||     1
  Use: Potion            |       |     2 |     6 |     6 |     2 ||    16
       Scroll            |       |       |     4 |    10 |     4 ||    18
 Stab: Sleeping          |       |     3 |     1 |     1 |       ||     5
       Distracted        |       |       |     1 |       |       ||     1
  Eat: Chunk             |     2 |     5 |    13 |    33 |    12 ||    65
       Ration            |       |       |     1 |     1 |       ||     2
Armor: Skin              |     5 |     5 |    12 |    52 |     7 ||    81
Dodge: Dodged            |    35 |    31 |    48 |   252 |    57 ||   423
